 Dungeon Crawl Stone Soup version 0.16-a0-1348-g01787a8 (webtiles) character file.

51 Psiweapon the Insei (level 3, 0/17 HPs)
             Began as a Vine Stalker Transmuter on Oct 19, 2014.
             Succumbed to an adder's poison
             ... on level 2 of the Dungeon.
             The game lasted 00:07:37 (1115 turns).

Psiweapon the Insei (Vine Stalker Transmuter)       Turns: 1115, Time: 00:07:38

Health: 0/17       AC:  4    Str: 13      XL:     3   Next: 83%
Magic:  3/7        EV: 10    Int: 13      God:
Gold:   37         SH:  0    Dex: 10 (12) Spells: 2 memorised, 3 levels left

rFire  . . .     SeeInvis .       - Unarmed
rCold  . . .     Clarity  +     y - +0 leather armour
rNeg   . . .     SustAb   .     (no shield)
rPois  .         Gourm    .     (no helmet)
rElec  .         Spirit   +     p - +0 cloak
rCorr  .         Warding  .     (no gloves)
rMut   .         Stasis   .     (no boots)
MR     .....                    s - amulet of clarity
Stlth  +.........               (no ring)
                                (no ring)

@: lethally poisoned, very slightly contaminated, not resistant to hostile
enchantments, very unstealthy
A: fangs 2, clumsy 1, regeneration 1, magic shield, antimagic bite, no device
heal 3, rot immunity, MP-powered wands 1
a: no special abilities


You were on level 2 of the Dungeon.
You were not hungry.

You visited 1 branch of the dungeon, and saw 2 of its levels.

You collected 37 gold pieces.

Inventory:

Hand weapons
 x - a +0 hunting sling
Missiles
 b - 10 arrows
 m - 12 poisoned needles
 n - 27 bolts
 w - 31 stones (quivered)
Armour
 c - a +0 robe
 p - a +0 cloak (worn)
 t - a +0 shield
 y - a +0 leather armour (worn)
Jewellery
 s - an amulet of clarity (around neck)
Scrolls
 e - a scroll of recharging {unknown}
 g - a scroll of teleportation {unknown}
 h - 2 scrolls of amnesia {unknown}
 j - 2 scrolls of identify {unknown}
 l - a scroll of enchant armour {unknown}
 q - 2 scrolls of magic mapping {unknown}
 u - 3 scrolls of remove curse {unknown}
Potions
 r - a potion of curing {unknown}
 v - a potion of heal wounds {unknown}
Books
 d - a book of Changes

   Spells                             Type                      Level
   *Beastly Appendage                 Transmutation                1
   *Sticks to Snakes                  Transmutation                2
   Spider Form                        Transmutation/Poison         3
   Ice Form                           Ice/Transmutation            4
   Blade Hands                        Transmutation                5
Comestibles
 a - 2 bread rations
 f - a meat ration
 k - 3 slices of pizza


   Skills:
 - Level 0.8 Fighting
 - Level 1.6 Dodging
 + Level 4.3 Unarmed Combat
 - Level 2.2 Spellcasting
 + Level 2.3 Transmutations


You had 3 spell levels left.
You knew the following spells:

 Your Spells              Type           Power        Failure   Level  Hunger
a - Beastly Appendage     Trmt           #.....       12%         1    ##.....
b - Sticks to Snakes      Trmt           #.........   17%         2    ###....


Dungeon Overview and Level Annotations

Branches:
Dungeon (2/15)

Altars:
Dithmenos
Ru


Innate Abilities, Weirdness & Mutations

You have extremely sharp teeth.
Your natural rate of healing is unusually fast.
When hurt, damage is shared between your health and your magic reserves.
Your bite disrupts and absorbs the magic of your enemies.
Potions and wands cannot restore your health.
You are immune to rotting.
You are clumsy. (Dex -2)
You expend magic power (6 MP) to slightly strengthen your wands.


Message History

The adder poisons you!
You miss the adder. Your bite misses the adder.
The adder is heavily wounded.
* * * LOW HITPOINT WARNING * * *
You feel sick. The adder bites you but does no damage. The adder bites you.
* * * LOW HITPOINT WARNING * * *
You are more poisoned.
The adder poisons you!
Drink which item? (? for menu, Esc to quit)
You feel extremely strange.
You feel less able to contain your magic power.
You feel clumsy.
It was a potion of mutation.
* * * LOW HITPOINT WARNING * * *
You feel sick. The adder misses you.
Drink which item? (? for menu, Esc to quit)
There was something very wrong with that liquid!
You feel clumsy.
It was a potion of degeneration.
You die...

#..#........<...
#...............
####.####..........
#...<...#######..[#
#.##.##.# #...#
####. #.##.#
###...# #..?(
#.##.# #......
#§S##.##.# #.###'#
#.@.....# #. #.#
#§###.#### . ###.#
_§ [..# #. +.._# #§
##### #.# ###.# #.
... #(# . #.#.###'#
#.......) #####..##
##.##


You could see an adder.

Vanquished Creatures
  A gnoll (D:1)
  A worm (D:2)
  A giant gecko (D:1)
  5 hobgoblins (D:1)
  6 bats
  A giant cockroach (D:1)
  3 giant newts
  6 goblins (D:1)
  5 kobolds
  A quokka (D:2)
  7 rats (D:1)
37 creatures vanquished.

Vanquished Creatures (collateral kills)
  A kobold (D:2)
1 creature vanquished.

Grand Total: 38 creatures vanquished

Notes
Turn   | Place    | Note
--------------------------------------------------------------
     0 | D:1      | Psiweapon, the Vine Stalker Transmuter, began the quest for the Orb.
     0 | D:1      | Reached XP level 1. HP: 9/9 MP: 3/3
    71 | D:1      | Reached XP level 2. HP: 3/14 MP: 0/5
   315 | D:1      | Reached skill level 4 in Unarmed Combat
   315 | D:1      | Reached XP level 3. HP: 15/17 MP: 7/7
   746 | D:1      | Learned a level 2 spell: Sticks to Snakes
   799 | D:2      | Found a sacrificial altar of Ru.
  1102 | D:2      | Found a shadowy altar of Dithmenos.
  1114 | D:2      | Gained mutation: You expend magic power (6 MP) to slightly strengthen your wands. [potion of mutation]
  1114 | D:2      | Gained mutation: You are clumsy. (Dex -2) [potion of mutation]
  1115 | D:2      | Succumbed to an adder's poison

Action                   || total
-------------------------++-------
Melee: Unarmed           ||   108
 Fire: Hunting sling     ||     1
 Cast: Beastly Appendage ||    17
       Sticks to Snakes  ||     2
  Use: Potion            ||     2
  Eat: Chunk             ||     1
